 Dungeon Crawl Stone Soup version 0.31-a0-1025-g2e47921a08 (webtiles) character file.

Game seed: 13071834114199668413

2 Azuregosa the Sneak (level 1, -2/16 HPs)
             Began as an Octopode Delver on Nov 17, 2023.
             Slain by an orc
             ... wielding a +0 flail
              (4 damage)
             ... on level 5 of the Dungeon.
             The game lasted 00:01:00 (65 turns).

Azuregosa the Sneak (Octopode Delver)                 Turns: 65, Time: 00:01:00

Health: -2/16      AC:  1    Str: 11    XL:     1   Next: 30%
Magic:  1/1        EV: 13    Int: 12    God:
Gold:   8          SH:  0    Dex: 13    Spells: 0/0 levels left

rFire   . . .        a - +0 falchion
rCold   . . .        (no shield)
rNeg    . . .        (helmet restricted)
rPois   .            (no amulet)
rElec   .            (no ring)
rCorr   .            (no ring)
SInv    .            (no ring)
Will    .....        (no ring)
Stlth   ++++         (no ring)
HPRegen 0.22/turn    (no ring)
MPRegen 0.07/turn    (no ring)
                     (no ring)

%: no passive effects
@: no status effects
A: almost no armour, amphibious, 8 rings, camouflage 1, gelatinous body 1,
(nimble swimmer 1), tentacles
a: no special abilities


You were on level 5 of the Dungeon.
You visited 1 branch of the dungeon, and saw 2 of its levels.

You collected 8 gold pieces.

Inventory:

Hand Weapons
 a - a +0 falchion (weapon)
Missiles
 g - 9 stones
Wands
 f - a wand of digging (3)
 h - a wand of mindburst (8)
Scrolls
 b - a scroll of fog
 d - a scroll of fear
Potions
 e - a potion of haste


   Skills:
 - Level 3.0 Fighting
 - Level 2.0 Long Blades
 - Level 2.0 Dodging
 + Level 6.7 Stealth


You couldn't memorise any spells.
You didn't know any spells.
Your spell library contained the following spells:

 Spells                   Type           Power      Damage    Failure   Level
 Apportation              Tloc           0%         N/A       32%         1
 Necrotise                Necr           0%         1d4       32%         1
 Summon Small Mammal      Summ           0%         N/A       32%         1


Dungeon Overview and Level Annotations

Branches:
Dungeon (6/15)
 Temple: D:4-7

Altars:


Innate Abilities, Weirdness & Mutations

You cannot wear most types of armour.
You are amphibious.
You can wear up to eight rings at the same time.
Your skin changes colour to match your surroundings (Stealth+).
Your rubbery body absorbs attacks. (AC +1, EV +1)
((You are camouflaged when in or above water. (Stealth+)))
You have tentacles for arms and can constrict up to eight enemies at once.


Message History

Found a book of Cantrips.
Found a sling.
An orc comes into view. It is wielding a +0 hand axe.
Found a long sword.
You open the door.
There is an open door here.
You pick up a book of Cantrips and begin reading...
You add the spells Necrotise, Summon Small Mammal and Apportation to your library.
Okay, then.
You open the door.
The orc shouts!
You hear a shout!
There is an open door here.
An orc comes into view. It is wielding a +0 hand axe.
The orc hits you with a +0 hand axe!
An orc comes into view. It is wielding a +0 flail.
The orc shouts!
You hit the orc but do no damage. You grab the orc.
You constrict the orc, but do no damage.
The orc closely misses you.
An orc wizard comes into view. It is wielding a +0 dagger.
You hit the orc.
The orc is moderately wounded.
You constrict the orc. The orc misses you.
You hit the orc.
You kill the orc!
The orc wizard mumbles some strange words.
The orc wizard flickers and vanishes!
Deactivating autopickup; reactivate with Ctrl-A.
The orc hits you with a +0 hand axe.
* * * LOW HITPOINT WARNING * * *
You hit the orc but do no damage. You grab the orc. You constrict the orc.
The orc barely misses you.
You hit the orc.
The orc is heavily wounded.
You constrict the orc. The orc hits you with a +0 hand axe.
* * * LOW HITPOINT WARNING * * *
You hit the orc.
You kill the orc!
The orc hits you with a +0 flail.
You die...

*,,,,,,,,*,*#..####<
#........#,**#..#...
#........#.# *#...#.
#..........#####..#.
#...................
#.........#####.....
#.........##.......#
####.o)).....##........
#.....@....$.######....
#.##..........#####....
#....................##
#...###'####.........##
#..#8...#..8#........##
#..#...#....#........##
#.,#....#...#...>....##
#,,+.#.#.#.##........##
*,,##.#)#.#.'........##


You could see an orc.

Vanquished Creatures
  2 orcs (D:5)
2 creatures vanquished.

Notes
Turn   | Place    | Note
-------+----------+-------------------------------------------
     0 | D:5      | Azuregosa the Octopode Delver began the quest for the Orb.
     0 | D:5      | Reached XP level 1. HP: 16/16 MP: 1/1
    29 | D:6      | Noticed a phantom
    60 | D:5      | Noticed an orc wizard
    65 | D:5      | Slain by an orc

Illustrated notes

Levels and vault maps discovered:
D:5:      layout_rooms, mainiacjoe_overflow_catwalk, minivault_1,
          minmay_fractal_squares_5
D:6:      nicolae_cairo_tiling_large, layout_basic,
          mainiacjoe_overflow_brackets, serial_undead, serial_undead_c,
          serial_undead_f, serial_undead_f, serial_undead_e, serial_undead_a,
          serial_undead_c, chequers_arboretum, nicolae_shop_self_help

Action                     || total
---------------------------++-------
  Melee: Falchion          ||     6
         Constrict         ||     2
    Use: Scroll            ||     1
 Armour: Skin              ||     4
  Dodge: Dodged            ||     3

Table legend: (Time is in decaauts)
 A = Elapsed time spent in this place.
 B = Non-inter-level travel time spent in this place.
 C = Inter-level travel time spent in this place.
 D = Time resting spent in this place.
 E = Time spent auto-exploring this place.
 F = Levels seen in this place.
 G = Mean time per level.
                   A        B        C        D        E       F      G
               +--------+--------+--------+--------+--------+-----+--------+
         Total |     66 |     66 |      0 |      0 |      0 |   2 |   33.0 |
       Dungeon |     66 |     66 |      0 |      0 |      0 |   2 |   33.0 |
               +--------+--------+--------+--------+--------+-----+--------+

Top non-repeatable levels by time:
     D:5: 64 daAuts
     D:6: 1 daAuts
